TOP OF THE 1ST |
Madawaska Valley HS Wolves batting - Pitching for Jeffersonville-Youngsville Central HS Trojans : RHP Tim Beach
|
Pitching: RHP Tim Beach
|
|
Batting: LHB Eugene Rogers
|
0-0: Ball 1-0: Ball 2-0: Called Strike 2-1: Called Strike 2-2: Ball 3-2: Base on Balls
|
Batting: LHB Carl Childs
|
0-0: Swinging Strike 0-1: Foul Ball, location: 2F 0-2: Strikes out swinging
|
Batting: LHB Marvin Martin
|
0-0: Called Strike 0-1: Ball 1-1: Foul Ball, location: 2F 1-2: Strikes out swinging
|
Batting: LHB Bob Stafford
|
0-0: Ball 1-0: Called Strike 1-1: Foul Ball, location: 2F 1-2: Ball 2-2: Strikes out looking
|
Top of the 1st over - 0 runs, 0 hits, 0 errors, 1 left on base; Madawaska Valley HS 0 - Jeffersonville-Youngsville Central HS 0 |
BOTTOM OF THE 1ST |
Jeffersonville-Youngsville Central HS Trojans batting - Pitching for Madawaska Valley HS Wolves : RHP Luis Barrera
|
Pitching: RHP Luis Barrera
|
|
Batting: LHB Tony Chávez
|
0-0: Swinging Strike 0-1: Swinging Strike 0-2: Foul Ball, location: 2F 0-2: Strikes out looking
|
Batting: RHB Bob Perkins
|
0-0: Foul Ball, location: 2F 0-1: DOUBLE (Line Drive, 9LS)
|
Batting: RHB Glenn Brooks
|
0-0: Foul Ball, location: 2F 0-1: Swinging Strike 0-2: Ball 1-2: Foul Ball, location: 2F 1-2: DOUBLE (Line Drive, 78D) Bob Perkins scores
|
Batting: LHB Steve Parker
|
0-0: Ball 1-0: Ball 2-0: Ball 3-0: Called Strike 3-1: SINGLE (Line Drive, 89S) Glenn Brooks to third Runner from 3rd tries for Home, SAFE, no throw
|
Batting: LHB Ed Williams
|
0-0: Called Strike 0-1: SINGLE (Groundball, 34D) Steve Parker to second
|
Batting: RHB Howard Gunther
|
0-0: Called Strike 0-1: Fly out, F9 (Line Drive, 9)
|
Batting: RHB Jeff Valentine
|
0-0: Called Strike 0-1: Ball 1-1: Called Strike 1-2: Foul Ball, location: 2F 1-2: Ball 2-2: Foul Ball, location: 2F 2-2: Fielders Choice at 2nd, 6-4 (Groundball, 6)
|
Bottom of the 1st over - 2 runs, 4 hits, 0 errors, 2 left on base; Madawaska Valley HS 0 - Jeffersonville-Youngsville Central HS 2 |
TOP OF THE 2ND |
Madawaska Valley HS Wolves batting - Pitching for Jeffersonville-Youngsville Central HS Trojans : RHP Tim Beach
|
Batting: RHB Bill Martínez
|
0-0: Called Strike 0-1: Called Strike 0-2: Ball 1-2: Hit by Pitch
|
Batting: RHB Earl Austin
|
0-0: Ball 1-0: Ball 2-0: Swinging Strike 2-1: Swinging Strike 2-2: Foul Ball, location: 2F 2-2: Foul Ball, location: 2F 2-2: Foul Ball, location: 2F 2-2: Foul Ball, location: 2F 2-2: Ball 3-2: Foul Ball, location: 2F 3-2: Strikes out swinging
|
Batting: RHB Rory Dickey
|
0-0: Ball 1-0: Called Strike 1-1: Ball 2-1: Foul Ball, location: 2F 2-2: Strikes out swinging
|
Batting: SHB Robert Bradshaw
|
0-0: Swinging Strike 0-1: Foul Ball, location: 2F 0-2: Foul Ball, location: 2F 0-2: Ball 1-2: Strikes out swinging
|
Top of the 2nd over - 0 runs, 0 hits, 0 errors, 1 left on base; Madawaska Valley HS 0 - Jeffersonville-Youngsville Central HS 2 |
BOTTOM OF THE 2ND |
Jeffersonville-Youngsville Central HS Trojans batting - Pitching for Madawaska Valley HS Wolves : RHP Luis Barrera
|
Batting: RHB John Goudie
|
0-0: Ball 1-0: Foul Ball, location: 2F 1-1: Called Strike 1-2: Ball 2-2: Strikes out swinging
|
Batting: RHB Myron Preston
|
0-0: Ball 1-0: Swinging Strike 1-1: Ball 2-1: Ball 3-1: Base on Balls
|
Batting: LHB Tony Chávez
|
0-0: Fielders Choice at 2nd, 5-4 (Groundball, 5)
|
Batting: RHB Bob Perkins
|
0-0: Ball 1-0: Foul Ball, location: 2F 1-1: Foul Ball, location: 2F 1-2: Ball 2-2: Foul Ball, location: 2F 2-2: Ball 3-2: Strikes out swinging
|
Bottom of the 2nd over - 0 runs, 0 hits, 0 errors, 1 left on base; Madawaska Valley HS 0 - Jeffersonville-Youngsville Central HS 2 |
TOP OF THE 3RD |
Madawaska Valley HS Wolves batting - Pitching for Jeffersonville-Youngsville Central HS Trojans : RHP Tim Beach
|
Batting: RHB Jim Barnes
|
0-0: Ground out U3 (Groundball, 3)
|
Batting: LHB Eugene Rogers
|
0-0: Ball 1-0: Foul Ball, location: 2F 1-1: Ball 2-1: Called Strike 2-2: Foul Ball, location: 2F 2-2: Foul Ball, location: 2F 2-2: Ball 3-2: Foul Ball, location: 2F 3-2: SINGLE (Flyball, 89S)
|
Batting: LHB Carl Childs
|
0-0: Called Strike 0-1: Foul Ball, location: 2F 0-2: Strikes out looking
|
Batting: LHB Marvin Martin
|
0-0: Foul Ball, location: 2F 0-1: Fly out, F6 (Popup, 6D)
|
Top of the 3rd over - 0 runs, 1 hit, 0 errors, 1 left on base; Madawaska Valley HS 0 - Jeffersonville-Youngsville Central HS 2 |
BOTTOM OF THE 3RD |
Jeffersonville-Youngsville Central HS Trojans batting - Pitching for Madawaska Valley HS Wolves : RHP Luis Barrera
|
Batting: RHB Glenn Brooks
|
0-0: Ball 1-0: Ball 2-0: Ball 3-0: Called Strike 3-1: Foul Ball, location: 2F 3-2: Base on Balls
|
Batting: LHB Steve Parker
|
0-0: Called Strike 0-1: Called Strike 0-2: Ball 1-2: Ball 2-2: Ball 3-2: Grounds into double play, 6-4-3 (Groundball, 56)
|
Batting: LHB Ed Williams
|
0-0: Ball 1-0: Ground out U3 (Groundball, 34)
|
Bottom of the 3rd over - 0 runs, 0 hits, 0 errors, 0 left on base; Madawaska Valley HS 0 - Jeffersonville-Youngsville Central HS 2 |
TOP OF THE 4TH |
Madawaska Valley HS Wolves batting - Pitching for Jeffersonville-Youngsville Central HS Trojans : RHP Tim Beach
|
Batting: LHB Bob Stafford
|
0-0: Swinging Strike 0-1: Foul Ball, location: 2F 0-2: Ball 1-2: Fly out, F7 (Flyball, 7S)
|
Batting: RHB Bill Martínez
|
0-0: Ball 1-0: Ball 2-0: Foul Ball, location: 2F 2-1: SINGLE (Groundball, 56D)
|
Batting: RHB Earl Austin
|
0-0: Ball 1-0: Ball 2-0: Called Strike 2-1: Swinging Strike 2-2: Strikes out swinging
|
Batting: RHB Rory Dickey
|
0-0: Ball 1-0: Ball 2-0: Foul Ball, location: 2F 2-1: Ball 3-1: Ground out 6-3 (Groundball, 6S)
|
Top of the 4th over - 0 runs, 1 hit, 0 errors, 1 left on base; Madawaska Valley HS 0 - Jeffersonville-Youngsville Central HS 2 |
BOTTOM OF THE 4TH |
Jeffersonville-Youngsville Central HS Trojans batting - Pitching for Madawaska Valley HS Wolves : RHP Luis Barrera
|
Batting: RHB Howard Gunther
|
0-0: Foul Ball, location: 2F 0-1: Ball 1-1: Foul Ball, location: 2F 1-2: Ball 2-2: Foul Ball, location: 2F 2-2: TRIPLE (Flyball, 89XD)
|
Batting: RHB Jeff Valentine
|
0-0: Called Strike 0-1: SINGLE (Groundball, 6MD) Howard Gunther scores
|
Batting: RHB John Goudie
|
0-0: Ball 1-0: Swinging Strike 1-1: Ball 2-1: Ball 3-1: Foul Ball, location: 2F 3-2: Strikes out swinging
|
Batting: RHB Myron Preston
|
0-0: Swinging Strike 0-1: Swinging Strike 0-2: Ball Wild Pitch! Jeff Valentine to second 1-2: Ball 2-2: Ball 3-2: Foul Ball, location: 2F 3-2: Foul Ball, location: 2F 3-2: Strikes out swinging
|
Pitching: LHP Jason Webb
|
|
Batting: LHB Tony Chávez
|
0-0: Called Strike 0-1: Foul Ball, location: 2F 0-2: Fly out, F5 (Popup, 5SF)
|
Bottom of the 4th over - 1 run, 2 hits, 0 errors, 1 left on base; Madawaska Valley HS 0 - Jeffersonville-Youngsville Central HS 3 |
TOP OF THE 5TH |
Madawaska Valley HS Wolves batting - Pitching for Jeffersonville-Youngsville Central HS Trojans : RHP Tim Beach
|
Batting: SHB Robert Bradshaw
|
0-0: Ball 1-0: SINGLE (Line Drive, 9LS)
|
Pitching: RHP Héctor Hernández
|
|
Batting: RHB Jim Barnes
|
0-0: Foul Ball, location: 2F 0-1: Swinging Strike 0-2: Ball 1-2: Ball 2-2: Ball 3-2: Base on Balls Robert Bradshaw to second
|
Batting: LHB Eugene Rogers
|
0-0: Called Strike 0-1: Swinging Strike 0-2: Ball 1-2: Ball 2-2: Strikes out swinging
|
Batting: LHB Carl Childs
|
0-0: Ball Wild Pitch! Robert Bradshaw to third Jim Barnes to second 1-0: Ball 2-0: Ball 3-0: Base on Balls
|
Batting: LHB Marvin Martin
|
0-0: Foul Ball, location: 2F 0-1: Ball 1-1: SINGLE (Line Drive, 6MD) Robert Bradshaw scores Jim Barnes to third Carl Childs to second
|
Batting: LHB Bob Stafford
|
0-0: Ball 1-0: Foul Ball, location: 2F 1-1: Grounds into double play, 4-6-3 (Groundball, 4)
|
Top of the 5th over - 1 run, 2 hits, 0 errors, 2 left on base; Madawaska Valley HS 1 - Jeffersonville-Youngsville Central HS 3 |
BOTTOM OF THE 5TH |
Jeffersonville-Youngsville Central HS Trojans batting - Pitching for Madawaska Valley HS Wolves : LHP Jason Webb
|
Batting: RHB Bob Perkins
|
0-0: Fly out, F8 (Flyball, 8RD)
|
Batting: RHB Glenn Brooks
|
0-0: Called Strike 0-1: Swinging Strike 0-2: Strikes out looking
|
Batting: LHB Steve Parker
|
0-0: Ball 1-0: Ball 2-0: Ball 3-0: Swinging Strike 3-1: Swinging Strike 3-2: Strikes out swinging
|
Bottom of the 5th over - 0 runs, 0 hits, 0 errors, 0 left on base; Madawaska Valley HS 1 - Jeffersonville-Youngsville Central HS 3 |
TOP OF THE 6TH |
Madawaska Valley HS Wolves batting - Pitching for Jeffersonville-Youngsville Central HS Trojans : RHP Héctor Hernández
|
Batting: RHB Bill Martínez
|
0-0: Called Strike 0-1: Ball 1-1: Ground out 6-3 (Groundball, 6)
|
Batting: RHB Earl Austin
|
0-0: Foul Ball, location: 2F 0-1: Foul Ball, location: 2F 0-2: Foul Ball, location: 2F 0-2: Ground out 5-3 (Groundball, 56)
|
Batting: RHB Rory Dickey
|
0-0: SINGLE (Line Drive, 6M)
|
Batting: SHB Robert Bradshaw
|
0-0: Fly out, F6 (Popup, P)
|
Top of the 6th over - 0 runs, 1 hit, 0 errors, 1 left on base; Madawaska Valley HS 1 - Jeffersonville-Youngsville Central HS 3 |
BOTTOM OF THE 6TH |
Jeffersonville-Youngsville Central HS Trojans batting - Pitching for Madawaska Valley HS Wolves : LHP Jason Webb
|
Batting: LHB Ed Williams
|
0-0: Ball 1-0: Ball 2-0: Foul Ball, location: 2F 2-1: Swinging Strike 2-2: SOLO HOME RUN (Flyball, 7LD), Distance : 369 ft
|
Batting: RHB Howard Gunther
|
0-0: Ball 1-0: Foul Ball, location: 2F 1-1: Ball 2-1: Foul Ball, location: 2F 2-2: Foul Ball, location: 2F 2-2: Ball 3-2: DOUBLE (Line Drive, 7LD)
|
Batting: RHB Jeff Valentine
|
0-0: Ball 1-0: Foul Ball, location: 2F 1-1: Ball 2-1: Ball 3-1: Base on Balls
|
Batting: RHB John Goudie
|
0-0: Ball 1-0: Ball 2-0: Foul Ball, location: 2F 2-1: Swinging Strike 2-2: Strikes out looking
|
Batting: RHB Myron Preston
|
0-0: Ball 1-0: 3-RUN HOME RUN (Flyball, 7D), Distance : 384 ft
|
Batting: LHB Tony Chávez
|
0-0: Ball 1-0: Called Strike 1-1: Swinging Strike 1-2: Ball 2-2: Ball 3-2: Foul Ball, location: 2F 3-2: Foul Ball, location: 2F 3-2: Base on Balls
|
Pitching: RHP Jorge Morín
|
|
Batting: RHB Bob Perkins
|
0-0: Called Strike Tony Chávez steals 2nd base 0-1: Called Strike 0-2: Ball 1-2: Ball 2-2: Ball 3-2: SINGLE (Line Drive, 4MD) Tony Chávez to third Runner from 3rd tries for Home, SAFE, throw made home
|
Batting: RHB Glenn Brooks
|
0-0: Ball 1-0: Ball 2-0: Grounds into double play, 6-4-3 (Groundball, 6)
|
Bottom of the 6th over - 5 runs, 4 hits, 0 errors, 0 left on base; Madawaska Valley HS 1 - Jeffersonville-Youngsville Central HS 8 |
TOP OF THE 7TH |
Madawaska Valley HS Wolves batting - Pitching for Jeffersonville-Youngsville Central HS Trojans : RHP Héctor Hernández
|
Batting: RHB Jim Barnes
|
0-0: Ground out 1-3 (Groundball, 13S)
|
Batting: LHB Eugene Rogers
|
0-0: Ball 1-0: Foul Ball, location: 2F 1-1: Ball 2-1: Ball 3-1: Base on Balls
|
Batting: LHB Carl Childs
|
0-0: SINGLE (Line Drive, 8RS) Eugene Rogers to second
|
Batting: LHB Marvin Martin
|
0-0: Ball 1-0: Ball 2-0: Ball 3-0: Called Strike 3-1: Base on Balls Eugene Rogers to third Carl Childs to second
|
Batting: LHB Bob Stafford
|
0-0: DOUBLE (Flyball, 89D) Eugene Rogers scores Carl Childs scores Marvin Martin to third
|
Batting: RHB Bill Martínez
|
0-0: Ball 1-0: Foul Ball, location: 2F 1-1: Ball 2-1: Ball 3-1: Base on Balls
|
Batting: RHB Earl Austin
|
0-0: Ball 1-0: Swinging Strike 1-1: Ball 2-1: Grounds into double play, 6-4-3 (Groundball, 6)
|
Top of the 7th over - 2 runs, 2 hits, 0 errors, 2 left on base; Madawaska Valley HS 3 - Jeffersonville-Youngsville Central HS 8 |
BOTTOM OF THE 7TH |
Jeffersonville-Youngsville Central HS Trojans batting - Pitching for Madawaska Valley HS Wolves : RHP Jorge Morín
|
Batting: LHB Steve Parker
|
0-0: Ball 1-0: Called Strike 1-1: Ball 2-1: Ball 3-1: Base on Balls
|
Batting: LHB Ed Williams
|
0-0: Called Strike 0-1: Fly out, F4 (Popup, 34D)
|
Batting: RHB Howard Gunther
|
0-0: Ball 1-0: Ball 2-0: Foul Ball, location: 2F 2-1: Fly out, F7 (Flyball, 7LD)
|
Batting: RHB Jeff Valentine
|
0-0: Swinging Strike 0-1: Foul Ball, location: 2F 0-2: Foul Ball, location: 2F 0-2: Ball 1-2: Fly out, F8 (Line Drive, 8LM)
|
Bottom of the 7th over - 0 runs, 0 hits, 0 errors, 1 left on base; Madawaska Valley HS 3 - Jeffersonville-Youngsville Central HS 8 |
TOP OF THE 8TH |
Madawaska Valley HS Wolves batting - Pitching for Jeffersonville-Youngsville Central HS Trojans : RHP Héctor Hernández
|
Now in RF: Jack Slater
|
|
Batting: RHB Rory Dickey
|
0-0: Called Strike 0-1: Ground out 6-3 (Groundball, 6)
|
Batting: SHB Robert Bradshaw
|
0-0: Ball 1-0: Ground out 5-3 (Groundball, 5S)
|
Batting: RHB Jim Barnes
|
0-0: Ball 1-0: Ball 2-0: Swinging Strike 2-1: Ball 3-1: Base on Balls
|
Pitching: LHP Gil LaSalle
|
|
Batting: LHB Eugene Rogers
|
0-0: Called Strike 0-1: Called Strike 0-2: Ball 1-2: SINGLE (Line Drive, 34D) Jim Barnes to second
|
Batting: LHB Carl Childs
|
0-0: Ball 1-0: Foul Ball, location: 2F 1-1: Ball 2-1: Foul Ball, location: 2F 2-2: Strikes out swinging
|
Top of the 8th over - 0 runs, 1 hit, 0 errors, 2 left on base; Madawaska Valley HS 3 - Jeffersonville-Youngsville Central HS 8 |
BOTTOM OF THE 8TH |
Jeffersonville-Youngsville Central HS Trojans batting - Pitching for Madawaska Valley HS Wolves : RHP Jorge Morín
|
Batting: RHB John Goudie
|
0-0: Foul Ball, location: 2F 0-1: Ball 1-1: Ball 2-1: Ball 3-1: Fly out, F8 (Flyball, 8RD)
|
Batting: RHB Myron Preston
|
0-0: Ball 1-0: Foul Ball, location: 2F 1-1: Ground out 6-3 (Groundball, 6)
|
Batting: LHB Tony Chávez
|
0-0: Ball 1-0: Called Strike 1-1: Swinging Strike 1-2: Ball 2-2: Ball 3-2: Base on Balls
|
Pitching: RHP José Nevárez
|
|
Batting: RHB Bob Perkins
|
0-0: Ball Tony Chávez steals 2nd base 1-0: Foul Ball, location: 2F 1-1: Swinging Strike 1-2: Foul Ball, location: 2F 1-2: Foul Ball, location: 2F 1-2: Foul Ball, location: 2F 1-2: Foul Ball, location: 2F 1-2: Ground out U3 (Groundball, 3S)
|
Bottom of the 8th over - 0 runs, 0 hits, 0 errors, 1 left on base; Madawaska Valley HS 3 - Jeffersonville-Youngsville Central HS 8 |
TOP OF THE 9TH |
Madawaska Valley HS Wolves batting - Pitching for Jeffersonville-Youngsville Central HS Trojans : LHP Gil LaSalle
|
Now at 3B: Vicente Ortíz
|
|
Batting: LHB Marvin Martin
|
0-0: Ball 1-0: Ball 2-0: Ball 3-0: Base on Balls
|
Batting: LHB Bob Stafford
|
0-0: Ball Wild Pitch! Marvin Martin to second 1-0: Ball 2-0: Ball 3-0: Foul Ball, location: 2F 3-1: Called Strike 3-2: Base on Balls
|
Batting: RHB Bill Martínez
|
0-0: Called Strike 0-1: Ball 1-1: Ball 2-1: Swinging Strike 2-2: Ball 3-2: Grounds into double play, 6-4-3 (Groundball, 6) Marvin Martin to third
|
Batting: RHB Earl Austin
|
0-0: Called Strike 0-1: Called Strike 0-2: Ball Wild Pitch! Marvin Martin scores 1-2: Foul Ball, location: 2F 1-2: Foul Ball, location: 2F 1-2: Ball 2-2: Strikes out looking
|
Top of the 9th over - 1 run, 0 hits, 0 errors, 0 left on base; Madawaska Valley HS 4 - Jeffersonville-Youngsville Central HS 8 |
|